2418 views
Uploaded 2021-09-02 03:52:12
Game version 1.32.10
2:15 long 4on4 ladder game on (8)MarketSquare
Saved by Teelo
2418 views
Uploaded 2021-09-02 03:52:12
Game version 1.32.10
2:15 long 4on4 ladder game on (8)MarketSquare

/ 0k
6 buildings @ 1k
/ 0.2k
| Peasant | 3 | 225 | / | 0 |
| total: | 3 | 225g | / | 0w |
| Farm | 1 | 80 | / | 20 |
| Barracks | 1 | 160 | / | 60 |
| Altar of Kings | 1 | 180 | / | 50 |
| total: | 3 | 420g | / | 130w |
| 0:04 | Peasant |
| 0:11 | Farm |
| 0:13 | Barracks |
| 0:15 | Altar of Kings |
| 0:16 | Peasant |
| 0:16 | Peasant |
| Select group | 13 |
| Select | 9 |
| Right click | 8 |
| Assign group | 3 |
| Build/train/purchase | 3 |
| Wisp | 2 | 120 | / | 0 |
| total: | 2 | 120g | / | 0w |
| 0:04 | Wisp |
| 0:04 | Wisp |
| Chat | 4 |
| Right click | 3 |
| Build/train/purchase | 2 |
| Select | 2 |
| Peon | 3 | 225 | / | 0 |
| total: | 3 | 225g | / | 0w |
| 0:02 | Peon |
| 0:02 | Peon |
| 0:02 | Peon |
| Chat | 124 |
| Select | 29 |
| Right click | 24 |
| Build/train/purchase | 17 |
| Esc | 13 |
| Use ability | 8 |
| Select group | 4 |
| Assign group | 1 |
| Peon | 4 | 300 | / | 0 |
| total: | 4 | 300g | / | 0w |
| Altar of Storms | 1 | 180 | / | 50 |
| Orc Burrow | 1 | 160 | / | 40 |
| War Mill | 1 | 205 | / | 0 |
| total: | 3 | 545g | / | 90w |
| 0:02 | Peon |
| 0:02 | Peon |
| 0:19 | Altar of Storms |
| 0:27 | Peon |
| 0:33 | Orc Burrow |
| 0:47 | Peon |
| 0:51 | War Mill |
| Chat | 82 |
| Right click | 27 |
| Select | 19 |
| Build/train/purchase | 7 |
| Select group | 3 |
| Esc | 3 |
| Assign group | 1 |
/ 0k
21 buildings @ 3.4k
/ 0.8k
| Wisp | 11 | 660 | / | 0 |
| Archer | 2 | 260 | / | 20 |
| Acolyte | 1 | 75 | / | 0 |
| Ghoul | 5 | 600 | / | 0 |
| total: | 19 | 1595g | / | 20w |
| Ancient of War | 1 | 150 | / | 60 |
| Moon Well | 2 | 360 | / | 80 |
| Altar of Elders | 1 | 180 | / | 50 |
| Altar of Darkness | 1 | 180 | / | 50 |
| Ziggurat | 1 | 150 | / | 50 |
| Crypt | 1 | 200 | / | 50 |
| Graveyard | 1 | 215 | / | 0 |
| total: | 8 | 1435g | / | 340w |
| 0:02 | Wisp |
| 0:02 | Wisp |
| 0:02 | Wisp |
| 0:02 | Wisp |
| 0:12 | Ancient of War |
| 0:16 | Moon Well |
| 0:47 | Altar of Elders |
| 0:49 | Acolyte |
| 0:54 | Altar of Darkness |
| 1:00 | Ziggurat |
| 1:04 | Wisp |
| 1:04 | Wisp |
| 1:04 | Wisp |
| 1:04 | Wisp |
| 1:21 | Crypt |
| 1:23 | Ghoul |
| 1:23 | Ghoul |
| 1:29 | Archer |
| 1:29 | Archer |
| 1:35 | Wisp |
| 1:35 | Wisp |
| 1:35 | Wisp |
| 1:49 | Graveyard |
| 2:05 | Ghoul |
| 2:05 | Ghoul |
| 2:05 | Ghoul |
| 2:13 | Moon Well |
| Right click | 45 |
| Select | 45 |
| Build/train/purchase | 20 |
| Use ability | 2 |
| Remove unit | 2 |
| Assign group | 1 |
| Select group | 1 |
| Acolyte | 2 | 150 | / | 0 |
| total: | 2 | 150g | / | 0w |
| Altar of Darkness | 1 | 180 | / | 50 |
| Crypt | 2 | 400 | / | 100 |
| total: | 3 | 580g | / | 150w |
| 0:06 | Acolyte |
| 0:07 | Acolyte |
| 0:12 | Altar of Darkness |
| 0:15 | Crypt |
| 0:19 | Crypt |
| Chat | 14 |
| Right click | 9 |
| Select | 5 |
| Build/train/purchase | 2 |
| Peon | 6 | 450 | / | 0 |
| total: | 6 | 450g | / | 0w |
| Altar of Storms | 1 | 180 | / | 50 |
| Orc Burrow | 2 | 320 | / | 80 |
| War Mill | 1 | 205 | / | 0 |
| total: | 4 | 705g | / | 130w |
| 0:04 | Peon |
| 0:05 | Peon |
| 0:08 | Altar of Storms |
| 0:18 | Orc Burrow |
| 0:32 | Peon |
| 0:38 | Peon |
| 0:38 | Peon |
| 0:57 | Orc Burrow |
| 1:06 | Peon |
| 1:21 | War Mill |
| Right click | 36 |
| Select | 34 |
| Chat | 9 |
| Build/train/purchase | 8 |
| Misc. action | 3 |
| Esc | 1 |
| Peasant | 9 | 675 | / | 0 |
| total: | 9 | 675g | / | 0w |
| Farm | 3 | 240 | / | 60 |
| Barracks | 1 | 160 | / | 60 |
| Blacksmith | 1 | 140 | / | 60 |
| Altar of Kings | 1 | 180 | / | 50 |
| total: | 6 | 720g | / | 230w |
| 0:03 | Peasant |
| 0:03 | Peasant |
| 0:20 | Peasant |
| 0:50 | Farm |
| 0:52 | Peasant |
| 0:53 | Peasant |
| 1:06 | Barracks |
| 1:10 | Blacksmith |
| 1:13 | Peasant |
| 1:13 | Peasant |
| 1:21 | Farm |
| 1:25 | Altar of Kings |
| 1:28 | Peasant |
| 1:29 | Peasant |
| 2:04 | Farm |
| Right click | 20 |
| Select | 18 |
| Build/train/purchase | 9 |
| Assign group | 1 |
| Select group | 1 |
⇛